[Event "Titled Tuesday Blitz August 10 2021"]
[White "Lashkin, Jegor"]
[Black "Rodriguez Hernandez, Luis Daniel"]
[WhiteFideId "13907808"]
[BlackFideId "3506770"]
[WhiteElo "2293"]
[BlackElo "2133"]
[Result "1/2-1/2"]
[Round "10"]
[TimeControl "180+1"]
[Date "2021.08.10"]
[WhiteClock "0:00:06"]
[BlackClock "0:00:11"]

1. d4 Nf6 2. c4 g6 3. Nc3 Bg7 4. e4 O-O 5. Be2 d6 6. Nf3 e5 7. Be3 Ng4 8. Bg5 f6 9. Bc1 Nc6 10. O-O Bd7 11. h3 Nh6 12. Be3 f5 13. Bg5 Qe8 14. dxe5 fxe4 15. Nxe4 Nxe5 16. Qd2 Bc6 17. Bxh6 Bxe4 18. Bxg7 Kxg7 19. Nd4 a6 20. Rae1 c5 21. Nc2 Qc6 22. Ne3 b5 23. f3 Bf5 24. f4 Nxc4 25. Nxc4 bxc4 26. Bf3 d5 27. Bxd5 Rad8 28. Qc3+ Qf6 29. Bxc4 Qxc3 30. bxc3 Bd3 31. Re7+ Kf6 32. Re6+ Kg7 33. Bxd3 Rxd3 34. Rxa6 Rxc3 35. Rf2 Rf7 36. Kh2 h5 37. g3 c4 38. Rc6 Ra7 39. g4 hxg4 40. hxg4 Rca3 41. Rxc4 Rxa2 42. Rxa2 Rxa2+ 43. Kg3 Ra6 44. Rc7+ Kf6 45. Kh4 g5+ 46. fxg5+ Kg6 47. Rb7 Ra1 48. Rb6+ Kg7 49. g6 Rc1 50. Kh5 Rc5+ 51. g5 Rc7 52. Rf6 Rc1 53. Rf7+ Kg8 54. Rf4 Rh1+ 55. Kg4 Rg1+ 56. Kf5 Rc1 57. Rd4 Rc5+ 58. Kf6 Rc6+ 59. Kf5 Rc5+ 60. Kg4 Kg7 61. Kh5 Rc7 62. Rf4 Rc1 63. Rf7+ Kg8 64. Ra7 Rh1+ 65. Kg4 Rg1+ 66. Kf5 Rf1+ 67. Ke4 Re1+ 68. Kf3 Rg1 69. Kf4 Rf1+ 70. Ke3 Rg1 71. Ra5 Kg7 72. Kf2 Rb1 73. Ra6 Rb5 74. Kf3 Rxg5 75. Kf4 Rxg6 76. Rxg6+ Kxg6 1/2-1/2


[Site "https://www.chess.com"]

[Event "Titled Tuesday Blitz August 10 2021"]
[White "Le, Tuan Minh"]
[Black "Grischuk, Alexander"]
[WhiteFideId "12401153"]
[BlackFideId "4126025"]
[WhiteElo "2450"]
[BlackElo "2777"]
[Result "0-1"]
[Round "10"]
[TimeControl "180+1"]
[Date "2021.08.10"]
[WhiteClock "0:00:02"]
[BlackClock "0:00:43"]

1. d4 Nf6 2. Nf3 d6 3. Bg5 Nbd7 4. Nbd2 e5 5. c3 Be7 6. e4 h6 7. Bh4 exd4 8. cxd4 Nxe4 9. Nxe4 Bxh4 10. Bd3 O-O 11. O-O Bf6 12. Re1 Nb6 13. Rc1 c6 14. Qd2 Bf5 15. Qf4 Bxe4 16. Qxe4 g6 17. h4 h5 18. Qf4 Kg7 19. Qg3 Qd7 20. Ng5 Bxg5 21. hxg5 Rae8 22. Qf3 Qd8 23. Qg3 Nd5 24. Bc4 Nc7 25. Bb3 d5 26. Re5 Rxe5 27. Qxe5+ Kg8 28. Rd1 Re8 29. Qg3 Ne6 30. f4 Qb8 0-1


[Site "https://www.chess.com"]

[Event "Titled Tuesday Blitz August 10 2021"]
[White "Lintchevski, Daniil"]
[Black "Abdurakhmonov, Mukhammadali"]
[WhiteFideId "4171055"]
[BlackFideId "14207346"]
[WhiteElo "2494"]
[BlackElo "2266"]
[Result "0-1"]
[Round "10"]
[TimeControl "180+1"]
[Date "2021.08.10"]
[WhiteClock "0:00:20"]
[BlackClock "0:00:04"]

1. e4 e5 2. Nf3 Nc6 3. d4 exd4 4. Nxd4 Bc5 5. Nxc6 Qf6 6. Qf3 dxc6 7. Nc3 Be6 8. Be3 Qxf3 9. gxf3 Bb4 10. O-O-O Ne7 11. Rg1 O-O 12. h4 Rad8 13. Bd3 h5 14. f4 Bg4 15. Rdf1 Bh3 16. Re1 f5 17. Rg3 Bg4 18. f3 Ng6 19. fxg4 fxg4 20. Rf1 Nxh4 21. Rh1 g5 22. fxg5 Bd6 23. Rgg1 Nf3 24. Rg2 g3 25. Rxh5 Ne1 26. Rg1 Nf3 27. Rg2 Ne1 28. Re2 Rf1 29. Nd1 g2 30. Kd2 Nf3+ 31. Kc3 g1=Q 32. Bxg1 Be5+ 33. Kb3 Rxg1 34. Re3 Nd4+ 35. Ka3 Rxd1 36. Reh3 Nb5+ 37. Kb3 a5 38. Rh7 Nd4+ 39. Ka3 Nb5+ 40. Kb3 Rd4 41. Bc4+ Rxc4 42. Kxc4 Rd4+ 43. Kb3 Rb4# 0-1


[Site "https://www.chess.com"]

[Event "Titled Tuesday Blitz August 10 2021"]
[White "Makhnev, Denis"]
[Black "Remizov, Yaroslav"]
[WhiteFideId "13707647"]
[BlackFideId "34134015"]
[WhiteElo "2537"]
[BlackElo "2339"]
[Result "1-0"]
[Round "10"]
[TimeControl "180+1"]
[Date "2021.08.10"]
[WhiteClock "0:01:51"]
[BlackClock "0:00:01"]

1. d4 Nf6 2. c4 e6 3. Nf3 d5 4. Nc3 c6 5. Bg5 h6 6. Bxf6 Qxf6 7. e3 g6 8. Bd3 Bg7 9. O-O O-O 10. e4 Qd8 11. e5 Nd7 12. cxd5 cxd5 13. h4 h5 14. g3 a6 15. a4 Nb6 16. Qb3 Bd7 17. Rfc1 Rc8 18. a5 Nc4 19. Qxb7 Nxa5 20. Qb4 Nc4 21. Nd1 Rb8 22. Qc3 Nxb2 23. Nxb2 f6 24. Bxg6 fxe5 25. dxe5 Rxb2 26. Qxb2 Rxf3 27. Qe2 Qf8 28. Rxa6 Bh6 29. Ra8 Qxa8 30. Qxf3 Be8 31. Qxh5 1-0


[Site "https://www.chess.com"]

[Event "Titled Tuesday Blitz August 10 2021"]
[White "Maze, Sebastien"]
[Black "Khusnutdinov, Rustam"]
[WhiteFideId "613762"]
[BlackFideId "13701703"]
[WhiteElo "2462"]
[BlackElo "2571"]
[Result "1/2-1/2"]
[Round "10"]
[TimeControl "180+1"]
[Date "2021.08.10"]
[WhiteClock "0:00:15"]
[BlackClock "0:00:26"]

1. e4 e6 2. b3 b6 3. Bb2 Bb7 4. Nc3 c5 5. d4 cxd4 6. Qxd4 Nc6 7. Qd2 Nf6 8. O-O-O Bb4 9. f3 Qe7 10. Qe3 O-O 11. Nge2 Rfd8 12. e5 Ne8 13. Ne4 Ba3 14. f4 Bxb2+ 15. Kxb2 d6 16. exd6 Nxd6 17. Nxd6 Rxd6 18. Rxd6 Qxd6 19. Nc3 Qd4 20. Qxd4 Nxd4 21. Rg1 Kf8 22. g3 g5 23. fxg5 Nf3 24. Rg2 Nxg5 25. Rf2 Ne4 26. Nxe4 Bxe4 27. c4 Rd8 28. Bg2 Bxg2 29. Rxg2 Ke7 30. Kc3 e5 31. b4 e4 32. Rd2 Rxd2 33. Kxd2 Ke6 34. Ke3 Ke5 35. g4 f5 36. gxf5 Kxf5 37. c5 bxc5 38. bxc5 Ke5 39. c6 Kd6 40. Kxe4 Kxc6 41. Kf5 Kb5 42. Kf6 Kb4 43. Kg7 h5 44. h4 Ka3 45. Kh6 Kxa2 46. Kxh5 a5 47. Kg6 a4 48. h5 a3 49. h6 Kb1 50. h7 a2 51. h8=Q a1=Q 52. Qxa1+ Kxa1 1/2-1/2


[Site "https://www.chess.com"]

[Event "Titled Tuesday Blitz August 10 2021"]
[White "Mikhailovsky, Vladimir"]
[Black "Urazayev, Arystanbek"]
[WhiteFideId "34105414"]
[BlackFideId "13709810"]
[WhiteElo "2315"]
[BlackElo "2321"]
[Result "0-1"]
[Round "10"]
[TimeControl "180+1"]
[Date "2021.08.10"]
[WhiteClock "0:00:02"]
[BlackClock "0:01:46"]

1. c4 e6 2. Nf3 d5 3. g3 dxc4 4. Bg2 Nd7 5. O-O a6 6. Qc2 Ngf6 7. Qxc4 b5 8. Qc2 Bb7 9. d4 c5 10. Rd1 Qb6 11. Nc3 Rc8 12. Be3 cxd4 13. Nxd4 Bxg2 14. Kxg2 Qb7+ 15. Nf3 Bc5 16. Bxc5 Nxc5 17. Qd2 O-O 18. Rac1 h6 19. h3 b4 20. Nb1 a5 21. Qd4 Nce4 22. Rxc8 Rxc8 23. Nbd2 Rc2 24. Nxe4 Qxe4 25. Qd8+ Kh7 26. Rd2 Nd5 27. Rxc2 Qxc2 28. Qd7 Qxe2 29. Qxf7 Ne3+ 30. Kh1 Qf1+ 31. Ng1 Qg2# 0-1


[Site "https://www.chess.com"]

[Event "Titled Tuesday Blitz August 10 2021"]
[White "Mirzoev, Azer"]
[Black "Iskusnyh, Sergei"]
[WhiteFideId "13400304"]
[BlackFideId "4120027"]
[WhiteElo "2525"]
[BlackElo "2492"]
[Result "1-0"]
[Round "10"]
[TimeControl "180+1"]
[Date "2021.08.10"]
[WhiteClock "0:01:53"]
[BlackClock "0:00:37"]

1. d4 d5 2. Nf3 Nf6 3. Bf4 c5 4. e3 Nc6 5. c3 Qb6 6. Qb3 c4 7. Qc2 Bf5 8. Qc1 h6 9. Nbd2 e6 10. Be2 Be7 11. b3 cxb3 12. axb3 O-O 13. O-O Rfc8 14. Qb2 a5 15. Rfc1 Bf8 16. h3 Qd8 17. Qa2 Bd6 18. Bxd6 Qxd6 19. Qa4 b6 20. b4 axb4 21. Qxa8 Rxa8 22. Rxa8+ Kh7 23. cxb4 Nxb4 24. Rcc8 g5 25. Ne5 Kg7 26. Ra7 Bg6 27. Rcc7 Na2 28. Nxf7 Bxf7 29. Rxf7+ Kg6 30. Bd3+ Kh5 31. Rxa2 1-0


[Site "https://www.chess.com"]

[Event "Titled Tuesday Blitz August 10 2021"]
[White "Moroni, Luca Jr"]
[Black "Gusarov, Grigory"]
[WhiteFideId "865834"]
[BlackFideId "24102172"]
[WhiteElo "2491"]
[BlackElo "2247"]
[Result "0-1"]
[Round "10"]
[TimeControl "180+1"]
[Date "2021.08.10"]
[WhiteClock "0:00:03"]
[BlackClock "0:00:18"]

1. d4 c6 2. Bf4 Qb6 3. b3 d5 4. e3 Bf5 5. Nf3 e6 6. Nbd2 Nd7 7. c4 Bb4 8. Be2 Ngf6 9. O-O Bc3 10. Rc1 Bb2 11. c5 Qa5 12. Bd6 Bxc1 13. Qxc1 Ne4 14. Nxe4 Bxe4 15. Qb2 a6 16. Nd2 Bg6 17. f3 f6 18. b4 Qd8 19. a4 Kf7 20. e4 Re8 21. Qb3 Kg8 22. f4 Bxe4 23. Nxe4 dxe4 24. f5 Nf8 25. Bc4 Kh8 26. fxe6 Ng6 27. Qe3 b5 28. Bb3 bxa4 29. Bxa4 Rxe6 30. Bxc6 Rc8 31. d5 Rxd6 32. cxd6 Qxd6 33. Qxe4 Ne5 34. Rc1 h6 35. h3 Rb8 36. Rb1 Rb6 37. Ba4 Qb8 38. Bc2 Kg8 39. Ra1 Rxb4 40. Qh7+ Kf7 41. Rxa6 Qb7 42. Ra1 Qb6+ 43. Kh1 Rb2 44. Qf5 g6 45. Qe4 h5 46. Rf1 Kg7 47. d6 Qxd6 48. Bb1 Rd2 49. Qf4 Rd1 50. Qf3 Rxf1+ 51. Qxf1 Qd4 52. Qe2 h4 53. Qf1 Qe3 54. Qd1 Qf2 55. Qc1 Qb6 56. Qc2 Qd6 57. Qc1 Nf7 58. Qc2 f5 59. Qc3+ Qe5 60. Qc1 Nd6 61. Ba2 Kf6 62. Qc6 Qe1+ 63. Kh2 Qe5+ 64. Kh1 Qa1+ 65. Kh2 Qxa2 66. Qxd6+ Qe6 67. Qf8+ Qf7 68. Qh8+ Kg5 69. Qd8+ Qf6 70. Qd2+ Kh5 71. Qf4 g5 72. Qb8 Kg6 73. Qe8+ Kh6 74. Qg8 Qd6+ 75. Kh1 Qf6 76. Kh2 f4 77. Qe8 f3 78. gxf3 Qf4+ 79. Kg2 Qg3+ 80. Kf1 Qxf3+ 81. Ke1 Qg3+ 82. Ke2 Qg2+ 83. Ke1 Qg3+ 84. Ke2 Qg2+ 85. Ke1 Qxh3 86. Qh8+ Kg6 87. Qg8+ Kh5 88. Qh7+ Kg4 89. Qe4+ Kg3 90. Qe3+ Kh2 91. Qe7 Qg3+ 92. Kf1 Qg2+ 93. Ke1 h3 94. Qf6 g4 95. Qf5 g3 96. Qe5 Qf2+ 97. Kd1 Kg1 98. Qd6 h2 99. Qe5 h1=Q 100. Qh5 Qxh5+ 101. Kc1 Qhc5+ 0-1


[Site "https://www.chess.com"]

[Event "Titled Tuesday Blitz August 10 2021"]
[White "Nagy, Gabor"]
[Black "Aradhya, Garg"]
[WhiteFideId "737119"]
[BlackFideId "25006746"]
[WhiteElo "2562"]
[BlackElo "2146"]
[Result "1-0"]
[Round "10"]
[TimeControl "180+1"]
[Date "2021.08.10"]
[WhiteClock "0:01:19"]
[BlackClock "0:00:08"]

1. c4 e5 2. g3 Nf6 3. Bg2 Nc6 4. Nc3 g6 5. Nf3 Bg7 6. O-O O-O 7. d3 d6 8. Rb1 a5 9. a3 h6 10. b4 axb4 11. axb4 Be6 12. b5 Ne7 13. Bb2 Nd7 14. Nd2 c6 15. Nde4 d5 16. bxc6 bxc6 17. cxd5 cxd5 18. Nd6 Ra6 19. Ndb5 d4 20. Ne4 Bd5 21. Ba3 f5 22. Bxe7 Qxe7 23. Nc7 Ra5 24. Nxd5 Rxd5 25. Qb3 fxe4 26. Qxd5+ Kh7 27. Qxe4 Nf6 28. Qb7 Qe6 29. Rb6 Qa2 30. Bf3 h5 31. Qa6 Qd2 32. Re6 h4 33. Rxe5 hxg3 34. hxg3 Ng4 35. Re4 Ne5 36. Rh4+ Bh6 37. Kg2 Kg7 38. Qe6 Qg5 39. Rfh1 Nf7 40. Rg4 Qf6 41. Qxf6+ Kxf6 42. Rxd4 Bg5 43. Rd7 Ne5 44. Rd6+ Ke7 45. Ra6 Nxf3 46. exf3 Bf6 47. Rh7+ Ke8 48. Ra8+ Bd8 49. f4 Rf6 50. Rh8+ 1-0


[Site "https://www.chess.com"]

[Event "Titled Tuesday Blitz August 10 2021"]
[White "Quispe Arteaga, Gabriel"]
[Black "Giroyan, Gary"]
[WhiteFideId "32059809"]
[BlackFideId "680281"]
[WhiteElo "2172"]
[BlackElo "2420"]
[Result "1/2-1/2"]
[Round "10"]
[TimeControl "180+1"]
[Date "2021.08.10"]
[WhiteClock "0:00:08"]
[BlackClock "0:00:07"]

1. c4 Nf6 2. Nc3 g6 3. g3 Bg7 4. Bg2 O-O 5. Nf3 d6 6. d4 Nc6 7. O-O Bg4 8. h3 Bxf3 9. Bxf3 Nd7 10. Be3 e5 11. Bxc6 bxc6 12. Qd2 Rb8 13. b3 Qe7 14. Rad1 e4 15. f3 exf3 16. exf3 Rfe8 17. Rfe1 Qf6 18. Kg2 Nf8 19. Bf2 Ne6 20. Ne4 Qf5 21. d5 cxd5 22. cxd5 Nf8 23. Bd4 Qxd5 24. Qf2 Qf5 25. Bxg7 Kxg7 26. Qd4+ Qe5 27. Qxe5+ Rxe5 28. Nf2 Rbe8 29. Rxe5 Rxe5 30. Rc1 Ne6 31. Kf1 Ra5 32. Rc2 Nd4 33. Rxc7 Rxa2 34. Ne4 Nf5 35. g4 Ne3+ 36. Ke1 Ng2+ 37. Kf1 Ne3+ 38. Ke1 d5 39. Nd6 Kf6 40. f4 Ke6 41. Nxf7 d4 42. Ng5+ Kd5 43. Rd7+ Kc5 44. Ne6+ Kc6 45. Rd8 Ng2+ 46. Kf1 Ne3+ 47. Ke1 Ng2+ 48. Kf1 Ne3+ 49. Ke1 1/2-1/2


[Site "https://www.chess.com"]

[Event "Titled Tuesday Blitz August 10 2021"]
[White "Salinas Herrera, Pablo"]
[Black "Tica, Sven"]
[WhiteFideId "3407128"]
[BlackFideId "14526948"]
[WhiteElo "2541"]
[BlackElo "2391"]
[Result "1-0"]
[Round "10"]
[TimeControl "180+1"]
[Date "2021.08.10"]
[WhiteClock "0:00:23"]
[BlackClock "0:00:48"]

1. d4 Nf6 2. Nf3 g6 3. Nbd2 Bg7 4. e4 d6 5. Bb5+ c6 6. Bd3 O-O 7. O-O Nbd7 8. Re1 e5 9. c3 Qc7 10. h3 b6 11. Nf1 Bb7 12. Ng3 Rad8 13. Bg5 h6 14. Be3 Rfe8 15. Qd2 Kh7 16. Rad1 d5 17. Nxe5 Nxe5 18. dxe5 Nxe4 19. Bxe4 dxe4 20. Qc2 Rxd1 21. Rxd1 Qxe5 22. Rd7 Re7 23. Bd4 Qe6 24. Rxe7 Qxe7 25. Bxg7 Kxg7 26. Nxe4 c5 27. Ng3 Qe1+ 28. Kh2 h5 29. f3 Qe5 30. h4 Qf4 31. Qf2 Qxh4+ 32. Kg1 Qc4 33. a3 Qd3 34. Qe1 h4 35. Nh1 Qf5 36. Nf2 Bd5 37. Qd2 h3 38. c4 Bc6 39. Nxh3 Qe5 40. Nf2 a6 41. Ng4 Qd4+ 42. Qxd4+ cxd4 43. Ne5 Ba4 44. Kf2 Kf6 45. Nd3 Ke6 46. c5 b5 47. Ke2 a5 48. Kd2 Bb3 49. Nc1 a4 50. Nxb3 axb3 51. Kd3 Kd5 52. c6 Kxc6 53. Kxd4 f5 54. Kc3 Kc5 55. Kxb3 Kd4 56. Kb4 Ke3 57. Kxb5 Kf2 58. a4 Kxg2 59. a5 Kxf3 60. a6 Ke2 61. a7 f4 62. a8=Q f3 63. Qe4+ 1-0


[Site "https://www.chess.com"]

[Event "Titled Tuesday Blitz August 10 2021"]
[White "Sevian, Samuel"]
[Black "Andreikin, Dmitry"]
[WhiteFideId "2040506"]
[BlackFideId "4158814"]
[WhiteElo "3000"]
[BlackElo "2782"]
[Result "1-0"]
[Round "10"]
[TimeControl "180+1"]
[Date "2021.08.10"]
[WhiteClock "0:00:22"]
[BlackClock "0:00:04"]

1. e4 c5 2. Nf3 e6 3. d4 cxd4 4. Bg5 Qa5+ 5. c3 Nf6 6. Bd3 Nc6 7. O-O Ne5 8. Bxf6 gxf6 9. cxd4 Nxd3 10. Qxd3 b6 11. Re1 Ba6 12. Qe3 Qh5 13. Qf4 Rg8 14. Nbd2 Ke7 15. d5 Bh6 16. d6+ Kf8 17. Qxf6 Rg6 18. Qh8+ Rg8 19. Qxh7 Rg7 20. Qh8+ Rg8 21. Qf6 Rg6 22. Qe7+ Kg7 23. g3 Rh8 24. h4 Rf6 25. Kg2 Bxd2 26. Nxd2 Be2 27. Rac1 Bf3+ 28. Kg1 Qg4 29. e5 Rf5 30. Rc4 Qh3 31. Nxf3 Rxf3 32. Qg5+ Kf8 33. Rc8# 1-0


[Site "https://www.chess.com"]

[Event "Titled Tuesday Blitz August 10 2021"]
[White "Siva Mahadevan"]
[Black "Quintiliano Pinto, Renato R."]
[WhiteFideId "25043153"]
[BlackFideId "2117568"]
[WhiteElo "2203"]
[BlackElo "2439"]
[Result "1-0"]
[Round "10"]
[TimeControl "180+1"]
[Date "2021.08.10"]
[WhiteClock "0:01:44"]
[BlackClock "0:00:07"]

1. e4 c5 2. Nf3 d6 3. d4 cxd4 4. Nxd4 Nf6 5. Nc3 a6 6. Bg5 e6 7. f4 h6 8. Bh4 Qb6 9. Qd2 Qxb2 10. Rb1 Qa3 11. e5 dxe5 12. fxe5 Nfd7 13. Ne4 Qxa2 14. Rd1 Qd5 15. Qe3 Qxe5 16. c3 Bc5 17. Bg3 Qd5 18. Bc4 Qxc4 19. Bd6 Nf6 20. Nxc5 Nd5 21. Qe5 Rg8 22. Ndxe6 fxe6 23. Nxe6 Nf6 24. Nxg7+ Kf7 25. Rf1 Nd7 26. Qe7+ Kg6 27. Ne6 Qxc3+ 28. Kf2 Ng4+ 29. Kg1 Qe3+ 30. Kh1 Ngf6 31. Nf4+ Kg5 32. Qxe3 1-0


[Site "https://www.chess.com"]

[Event "Titled Tuesday Blitz August 10 2021"]
[White "Timofeev, Artyom"]
[Black "Yoo, Christopher Woojin"]
[WhiteFideId "4140419"]
[BlackFideId "30909694"]
[WhiteElo "2582"]
[BlackElo "2105"]
[Result "1/2-1/2"]
[Round "10"]
[TimeControl "180+1"]
[Date "2021.08.10"]
[WhiteClock "0:00:16"]
[BlackClock "0:00:07"]

1. c4 Nf6 2. Nc3 e6 3. Nf3 c5 4. e4 Nc6 5. Be2 b6 6. O-O Bb7 7. Re1 Bd6 8. d4 cxd4 9. Nxd4 Nxd4 10. Qxd4 Qb8 11. g3 Be5 12. Qd3 O-O 13. Bf3 Rc8 14. Bd2 a6 15. Rac1 Qc7 16. b3 d6 17. Bg2 Nd7 18. Ne2 Nc5 19. Qe3 Bf6 20. Bc3 e5 21. h4 Rd8 22. Bb2 Ne6 23. Nc3 Nd4 24. Nd5 Bxd5 25. cxd5 Qb7 26. Bh3 a5 27. Bxd4 exd4 28. Qd3 a4 29. b4 a3 30. Rc6 b5 31. Kg2 Ra4 32. Rb1 g6 33. h5 Kg7 34. Bg4 Qe7 35. Bf3 Rb8 36. Qc2 Qe5 37. Rc7 Raa8 38. Rc1 Qg5 39. Qd3 Be5 40. R1c6 Qf6 41. Rd7 Rd8 42. Rb7 Rdb8 43. Rxb5 Rxb5 44. Qxb5 gxh5 45. Bxh5 Qg5 46. Qe2 d3 47. Qg4 Qxg4 48. Bxg4 Rb8 49. Ra6 Rxb4 50. Rxa3 Rxe4 51. Bf5 Rd4 52. Bxd3 Rxd5 53. Rb3 Ra5 54. a3 Ra7 55. Bb5 Bd4 56. a4 Bc5 57. f4 h5 58. Kf3 Kg6 59. Rd3 f5 60. Rd5 Re7 61. Bd3 Re3+ 62. Kg2 Kf6 63. Bxf5 Ra3 64. Bd3 Rxa4 65. Rxh5 Ra2+ 66. Kh3 Ra3 67. Be4 Bf2 68. Rg5 Re3 69. Bg2 Rd3 70. Kh4 d5 71. Bxd5 Bxg3+ 72. Rxg3 Rxd5 73. Kg4 Rd1 74. Re3 Rg1+ 75. Kf3 Ra1 76. Ke4 Ra2 77. Kf3 Ra4 78. Re4 Rxe4 79. Kxe4 Ke6 80. f5+ Kf6 81. Kf4 Kf7 82. Ke5 Ke7 83. f6+ Kf7 84. Kf5 Kf8 85. Ke5 Kf7 86. Kf5 Kf8 87. Ke6 Ke8 88. f7+ Kf8 89. Kf6 1/2-1/2


[Site "https://www.chess.com"]

[Event "Titled Tuesday Blitz August 10 2021"]
[White "Vlassov, Nikolai"]
[Black "Nesterov, Arseniy"]
[WhiteFideId "4103360"]
[BlackFideId "24198455"]
[WhiteElo "2407"]
[BlackElo "2477"]
[Result "0-1"]
[Round "10"]
[TimeControl "180+1"]
[Date "2021.08.10"]
[WhiteClock "0:00:04"]
[BlackClock "0:00:19"]

1. e4 e5 2. Bc4 Nc6 3. f4 exf4 4. d4 Nf6 5. Nc3 Bb4 6. Ne2 f3 7. gxf3 d5 8. exd5 Nxd5 9. O-O Nxc3 10. bxc3 Bd6 11. Bf4 O-O 12. Qd2 Bh3 13. Rf2 Qf6 14. Bxd6 Qxd6 15. Qf4 Qd7 16. Kh1 Ne7 17. Rg1 Ng6 18. Qg3 Kh8 19. Nf4 Bf5 20. Bd3 Bxd3 21. cxd3 c6 22. h4 Qf5 23. Nxg6+ fxg6 24. f4 Rae8 25. Rgg2 Re1+ 26. Kh2 Rfe8 27. Rg1 R1e3 28. Rf3 Qxd3 29. Rgf1 Rxf3 30. Rxf3 Re2+ 31. Rf2 Qxg3+ 32. Kxg3 Rxf2 33. Kxf2 Kg8 34. Ke3 Kf7 35. Ke4 Ke6 36. a4 b6 37. c4 h6 38. Ke3 Kf5 39. Kf3 g5 40. fxg5 hxg5 41. h5 g4+ 42. Kg3 a6 43. d5 cxd5 44. cxd5 b5 45. axb5 axb5 46. d6 Ke6 47. Kxg4 b4 48. Kg5 b3 49. Kg6 b2 50. Kxg7 b1=Q 51. h6 Qg1+ 52. Kf8 Qg6 0-1


[Site "https://www.chess.com"]

[Event "Titled Tuesday Blitz August 10 2021"]
[White "Williams, Simon K"]
[Black "Maximov, Dmitry"]
[WhiteFideId "404454"]
[BlackFideId "14105659"]
[WhiteElo "2468"]
[BlackElo "2494"]
[Result "1-0"]
[Round "10"]
[TimeControl "180+1"]
[Date "2021.08.10"]
[WhiteClock "0:00:18"]
[BlackClock "0:00:27"]

1. d4 Nf6 2. Bg5 c5 3. d5 Qb6 4. Nc3 h6 5. Bxf6 Qxf6 6. e4 g5 7. d6 e6 8. Nf3 Nc6 9. Nb5 Kd8 10. c3 a6 11. Nc7 Rb8 12. Qd2 g4 13. Ng1 h5 14. f4 gxf3 15. Nxf3 Bh6 16. Qf2 b5 17. Qxc5 b4 18. e5 Qf4 19. Be2 bxc3 20. bxc3 Rb2 21. O-O Rxe2 22. Nd4 Qe3+ 23. Kh1 Qe4 24. Rg1 Be3 25. Qb6 Bxd4 26. cxd4 Rg8 27. Nd5+ Ke8 28. Nf6+ Kf8 29. Nxe4 Rxe4 30. Rac1 Rgg4 31. Rxc6 dxc6 32. Qd8+ Kg7 33. Qxc8 Rxd4 34. d7 1-0


[Site "https://www.chess.com"]

[Event "Titled Tuesday Blitz August 10 2021"]
[White "Wong, Yinn Long"]
[Black "Quparadze, Giga"]
[WhiteFideId "5707684"]
[BlackFideId "13602250"]
[WhiteElo "2016"]
[BlackElo "2658"]
[Result "0-1"]
[Round "10"]
[TimeControl "180+1"]
[Date "2021.08.10"]
[WhiteClock "0:00:07"]
[BlackClock "0:01:34"]

1. Nf3 c5 2. b3 d6 3. Bb2 e5 4. e3 Nf6 5. d4 cxd4 6. exd4 e4 7. Nfd2 d5 8. c4 Bb4 9. Be2 O-O 10. O-O Nc6 11. a3 Bd6 12. cxd5 Nxd5 13. Nxe4 Bxh2+ 14. Kxh2 Qh4+ 15. Kg1 Qxe4 16. Bf3 Qf5 17. Nc3 Be6 18. Ne4 Nf4 19. Nd6 Qf6 20. Nxb7 Bd5 21. Rc1 Rae8 22. Bxd5 Ne2+ 23. Qxe2 Rxe2 24. Rxc6 Qe7 25. Bc1 Qxb7 26. Re6 Qxd5 27. Rxe2 Qxd4 28. b4 Qc4 29. Re7 a6 30. Be3 Qd3 31. Bc5 Qxa3 32. Re3 Qb2 33. Bxf8 Kxf8 34. Rd1 g6 35. Re4 Qc2 36. Red4 h5 37. R1d2 Qb1+ 38. Rd1 Qb3 39. R1d3 Qa4 40. Rd2 Qb5 41. Rd1 Qe5 42. Rd5 Qe2 43. R5d2 Qb5 44. Rd4 Kg7 45. R1d2 Qg5 46. Rd5 Qe7 47. R5d4 h4 48. Rd1 g5 49. Kf1 Qb7 50. Kg1 Kg6 51. Rd6+ f6 52. R1d4 Qb5 53. R6d5 Qa4 54. Rd6 Qa1+ 55. Rd1 Qa3 56. R6d4 Kh5 57. R1d3 Qb2 58. Rd2 Qb1+ 59. Rd1 Qf5 60. R1d2 Kg6 61. Rd1 g4 62. Rd5 Qe6 63. Rd6 Qe2 64. R6d2 Qe7 65. Rd4 Kg5 66. Rc1 f5 67. Rcd1 g3 68. Kf1 Qb7 69. R1d3 Qb5 70. fxg3 hxg3 71. Ke1 Qe5+ 72. Kd2 Qb8 73. Rf3 Qe5 74. Rdd3 Qb2+ 75. Kd1 f4 76. Rd5+ Kg4 77. Rdd3 Qxg2 78. Ra3 Qxf3+ 79. Rxf3 Kxf3 0-1


[Site "https://www.chess.com"]

[Event "Titled Tuesday Blitz August 10 2021"]
[White "Yakubboev, Nodirbek"]
[Black "Leitao, Rafael"]
[WhiteFideId "14203987"]
[BlackFideId "2101246"]
[WhiteElo "2519"]
[BlackElo "2609"]
[Result "1-0"]
[Round "10"]
[TimeControl "180+1"]
[Date "2021.08.10"]
[WhiteClock "0:00:09"]
[BlackClock "0:00:12"]

1. b3 Nf6 2. Bb2 g6 3. g3 Bg7 4. Bg2 O-O 5. Nf3 d6 6. d4 c5 7. O-O cxd4 8. Nxd4 d5 9. Na3 e5 10. Nf3 e4 11. Nd4 Nc6 12. c4 Nxd4 13. Qxd4 Nh5 14. Qd2 dxc4 15. Qxd8 Rxd8 16. Bxg7 Kxg7 17. Nxc4 f5 18. f3 Nf6 19. Rad1 Be6 20. Nd6 Bd5 21. fxe4 fxe4 22. Nb5 Rac8 23. Nxa7 Rc2 24. Nb5 Rxe2 25. Nc3 Re3 26. Rxf6 Rxc3 27. Rf2 e3 28. Rb2 Bc4 29. Re1 Ba6 30. Bf1 Rd2 31. Rbb1 Bxf1 32. Kxf1 Rxh2 33. a4 Rcc2 34. Kg1 Rcg2+ 35. Kf1 Rf2+ 36. Kg1 Rhg2+ 37. Kh1 Rxg3 38. Rbc1 h5 39. Rc3 Rh3+ 40. Kg1 Rg3+ 41. Kh1 e2 42. Rxg3 Rf1+ 43. Rg1 1-0


[Site "https://www.chess.com"]

[Event "Titled Tuesday Blitz August 10 2021"]
[White "Abdurakhmonov, Mukhammadali"]
[Black "Quparadze, Giga"]
[WhiteFideId "14207346"]
[BlackFideId "13602250"]
[WhiteElo "2266"]
[BlackElo "2658"]
[Result "1-0"]
[Round "11"]
[TimeControl "180+1"]
[Date "2021.08.10"]
[WhiteClock "0:00:08"]
[BlackClock "0:00:30"]

1. e4 c5 2. Nc3 Nc6 3. Nge2 Nf6 4. d4 cxd4 5. Nxd4 Qc7 6. Ndb5 Qb8 7. Nd5 Nxd5 8. exd5 Ne5 9. d6 exd6 10. f4 Nc6 11. Bd3 a6 12. Nc3 Be7 13. O-O O-O 14. Nd5 Bd8 15. Bxh7+ Kxh7 16. f5 Re8 17. f6 Qa7+ 18. Kh1 Qd4 19. Qh5+ Kg8 20. Be3 Rxe3 21. Qg5 Bxf6 22. Nxf6+ Kf8 23. Nh7+ Ke8 24. Rxf7 Kxf7 25. Rf1+ Qf6 26. Nxf6 gxf6 27. Qxe3 Ne7 28. Qd4 Ng8 29. Qxd6 a5 30. Qc7 Ne7 31. Re1 Ra6 32. Rxe7+ Kxe7 33. Qxc8 Re6 34. h4 b6 35. h5 Re5 36. g4 Rc5 37. Qh8 Rg5 38. h6 Rxg4 39. h7 Kf7 40. Kh2 Rg7 41. Kh3 Kg6 42. Qg8 1-0


[Site "https://www.chess.com"]

[Event "Titled Tuesday Blitz August 10 2021"]
[White "Bortnyk, Olexandr"]
[Black "Sevian, Samuel"]
[WhiteFideId "14120828"]
[BlackFideId "2040506"]
[WhiteElo "2723"]
[BlackElo "3009"]
[Result "1/2-1/2"]
[Round "11"]
[TimeControl "180+1"]
[Date "2021.08.10"]
[WhiteClock "0:00:03"]
[BlackClock "0:00:15"]

1. e4 e5 2. Nc3 Nf6 3. Bc4 Bb4 4. d3 d5 5. exd5 Nxd5 6. Ne2 Nc6 7. O-O Bxc3 8. Nxc3 Nxc3 9. bxc3 O-O 10. Ba3 Re8 11. Rb1 Rb8 12. f4 exf4 13. Rxf4 Be6 14. Qh5 Bxc4 15. Rxc4 Re5 16. Qh3 Qe8 17. Qg3 Re3 18. Qh4 Re2 19. Bc5 Qe6 20. Bf2 h6 21. Qg3 Re8 22. h3 b6 23. Qxc7 Ne5 24. Rf4 Ng6 25. Rf3 Ne5 26. Rf4 Ng6 27. Rg4 Rxf2 28. Kxf2 Qe3+ 29. Kf1 Re6 30. Rg3 Rf6+ 31. Rf3 Rxf3+ 32. gxf3 Qxf3+ 33. Kg1 Qe3+ 34. Kf1 Qf3+ 35. Kg1 Qe3+ 36. Kf1 Qf3+ 1/2-1/2


[Site "https://www.chess.com"]